Map: Acropolis LE

Players

Bankorok - Winner!

  • Race: Protoss Protoss
  • League: Diamond
  • Spawn Location: 5:00

Alken

  • Race: Protoss Protoss
  • League: Diamond
  • Spawn Location: 11:00

VOD

Have the link to the VOD?

Description

Time

  • Played on: Nov. 23, 2019, 1:46 p.m.
  • Length: 24:16
Show
View Real Time Build Order
Export as new Build Order

Bankorok Protoss - Winner!

Build Orders: Phoenix Opening 

Get SALT Encoding   

  12  0:07  Probe (Chrono Boost)  
  13  0:18  Probe (Chrono Boost)  
  14  0:23  Probe (Chrono Boost), Pylon  
  15  0:41  Probe, Gateway  
  16  0:47  Assimilator  
  16  0:53  Probe  
  17  1:01  Assimilator  
  17  1:05  Probe  
  18  1:17  Probe, Gateway  
  19  1:28  Cybernetics Core  
  19  1:30  Probe  
  20  1:42  Probe, Pylon  
  21  1:55  Probe  
  22  2:05  Stalker  
  22  2:06  Sentry  
  22  2:07  Probe  
  27  2:08  Warp Gate  
  27  2:19  Probe  
  28  2:22  Pylon  
  28  2:32  Stargate  
  28  2:45  Shield Battery  
  28  2:50  Shield Battery  
  27  2:55  Probe  
  27  3:10  Shield Battery  
  27  3:18  Forge  
  27  3:20  Phoenix (Chrono Boost)  
  29  3:34  Shield Battery  
  29  3:36  Phoenix  
  31  4:02  Phoenix (Chrono Boost)  
  33  4:13  Robotics Facility  
  33  4:18  Phoenix  
  33  4:23  Photon Cannon  
  35  4:29  Photon Cannon  
  31  4:39  Stalker x2  
  35  4:47  Pylon  
  35  5:16  Nexus  
  35  5:18  Pylon  
  35  5:19  Pylon  
  35  5:22  Pylon  
  35  5:36  Probe  
  35  5:42  Phoenix  
  37  5:46  Stalker x2  
  41  5:55  Observer (Chrono Boost)  
  42  6:04  Stalker  
  42  6:07  Stalker  
  42  6:08  Observer (Chrono Boost)  
  47  6:17  Phoenix  
  49  6:28  Stalker  
  51  6:34  Stalker  
  53  6:43  Phoenix  
  55  7:30  Stalker  
  55  7:31  Stalker  
  55  7:32  Probe x2  
  55  7:33  Immortal (Chrono Boost)  
  55  7:34  Protoss Ground Weapons Level 1 (Chrono Boost)  
  65  7:47  Phoenix  
  65  7:49  Probe  
  68  7:55  Assimilator  
  68  7:58  Assimilator  
  66  8:37  Phoenix  
  68  9:00  Immortal (Chrono Boost)  
  70  9:10  Pylon  
  70  9:12  Pylon  
  70  9:15  Pylon  
  70  9:22  Gateway, Nexus  
  70  9:23  Gateway  
  70  9:24  Twilight Council  
  70  9:28  Robotics Bay  
  70  9:39  Immortal (Chrono Boost)  
  74  9:49  Probe x2  
  76  10:01  Probe x2, Shield Battery  
  76  10:02  Shield Battery  
  76  10:05  Shield Battery x2  
  78  10:17  Zealot x3  
  78  10:24  Zealot  
  56  10:43  Zealot x3  
  56  10:56  Stalker  
  56  11:05  Probe x2  
  58  11:18  Probe  
  58  11:20  Protoss Ground Weapons Level 2 (Chrono Boost), Immortal (Chrono Boost)  
  63  11:30  Templar Archives  
  63  11:32  Pylon  
  63  11:34  Charge (Chrono Boost)  
  63  11:35  Phoenix  
  65  11:40  Gravitic Boosters  
  65  11:52  Zealot x2  
  69  11:55  Immortal (Chrono Boost)  
  73  12:17  Nexus  
  73  12:28  Immortal  
  77  12:54  Stalker x3  
  77  12:55  Stalker  
  77  13:28  Immortal  
  77  13:32  Probe  
  77  13:33  Probe  
  83  13:36  High Templar x3  
  83  13:37  High Templar  
  83  13:40  Archon x2  
  91  13:45  Probe  
  92  14:15  Pylon  
  92  14:17  Pylon  
  92  14:18  High Templar  
  92  14:19  High Templar  
  92  14:20  Zealot x2  
  92  14:21  Protoss Ground Weapons Level 3 (Chrono Boost)  
  92  14:23  Archon  
  100  14:59  Probe x3  
  103  15:03  Assimilator  
  103  15:05  Assimilator  
  103  15:09  Pylon, Robotics Facility  
  103  15:12  Pylon  
  106  15:15  Pylon  
  103  15:25  Probe  
  104  15:57  Shield Battery  
  104  15:59  Shield Battery  
  104  16:02  Colossus x2 (Chrono Boost), Shield Battery  
  104  16:06  Shield Battery  
  104  16:09  Photon Cannon  
  116  16:11  Photon Cannon  
  116  16:14  Photon Cannon  
  116  16:16  Photon Cannon  
  116  16:18  Photon Cannon  
  116  16:22  Photon Cannon x2  
  116  16:25  Photon Cannon  
  116  16:26  Photon Cannon  
  116  16:27  Photon Cannon  
  116  16:28  Photon Cannon  
  116  16:31  Photon Cannon  
  116  16:40  High Templar  
  116  16:41  High Templar x3  
  116  16:45  Archon x2  
  124  17:00  Protoss Shields Level 1 (Chrono Boost)  
  124  17:08  Pylon  
  124  17:15  Colossus (Chrono Boost)  
  124  17:16  Colossus (Chrono Boost)  
  136  18:07  Colossus (Chrono Boost)  
  136  18:08  Colossus (Chrono Boost)  
  148  18:17  Forge  
  148  18:19  Gateway  
  148  18:23  Photon Cannon, Gateway  
  148  18:28  Photon Cannon  
  148  18:31  Photon Cannon  
  148  18:34  Photon Cannon  
  148  18:38  Stargate  
  148  18:39  Photon Cannon  
  148  18:41  Fleet Beacon  
  148  18:45  High Templar x2  
  152  18:50  Archon  
  152  18:54  Protoss Ground Armor Level 1 (Chrono Boost)  
  152  18:59  Zealot  
  154  19:07  Protoss Shields Level 2 (Chrono Boost)  
  142  20:10  Probe x2  
  138  20:15  High Templar x2  
  138  20:16  High Templar x2  
  138  20:19  Stalker x2  
  138  20:21  Archon x2  
  150  20:24  Nexus  
  150  20:26  Pylon  
  150  20:28  Pylon  
  150  20:31  Pylon  
  138  20:56  Zealot x3  
  138  20:57  Zealot x3  
  96  21:23  Stalker x2  
  96  21:24  Stalker x4  
  96  21:53  High Templar  
  96  21:54  High Templar x2  
  100  21:55  High Templar  
  100  21:56  Nexus  
  100  21:57  Stalker x2  
  100  21:58  Pylon, Archon x2  
  100  22:00  Pylon  
  108  22:03  Pylon  
  108  22:05  Probe x3  
  111  22:17  Probe x3  
  98  22:50  Stalker x3  
  98  22:51  Stalker x3  
  110  23:17  Assimilator  
  110  23:21  Assimilator  
  110  23:27  Zealot x3  
  110  23:33  Observer x2 (Chrono Boost)  
  118  23:42  Shield Battery  
  118  23:44  Shield Battery  
  118  23:46  Observer x2 (Chrono Boost)  
Show
View Real Time Build Order
Export as new Build Order

Alken Protoss 

Build Orders:  

Get SALT Encoding   

  12  0:00  Probe  
  13  0:12  Probe  
  14  0:18  Pylon  
  14  0:25  Probe (Chrono Boost)  
  15  0:37  Probe (Chrono Boost)  
  15  0:39  Gateway  
  16  0:45  Probe (Chrono Boost)  
  16  0:47  Assimilator  
  17  0:51  Probe  
  18  0:59  Assimilator  
  18  1:03  Probe  
  19  1:13  Gateway  
  19  1:15  Probe (Chrono Boost)  
  21  1:27  Probe (Chrono Boost), Cybernetics Core  
  21  1:34  Probe (Chrono Boost)  
  21  1:37  Pylon  
  22  1:57  Probe  
  23  2:04  Adept  
  23  2:05  Adept, Robotics Facility  
  23  2:06  Warp Gate  
  27  2:13  Probe  
  28  2:17  Pylon  
  28  2:39  Stalker  
  28  2:40  Stalker  
  32  2:48  Pylon  
  32  2:54  Immortal (Chrono Boost)  
  35  3:21  Stalker  
  35  3:24  Sentry  
  35  3:26  Warp Prism (Chrono Boost)  
  39  3:59  Immortal (Chrono Boost)  
  41  4:08  Probe  
  42  4:18  Nexus  
  36  4:56  Immortal (Chrono Boost)  
  36  4:57  Stalker x2  
  38  5:07  Pylon  
  38  5:11  Gateway  
  38  5:13  Twilight Council  
  36  5:17  Probe  
  36  5:20  Stalker  
  39  5:22  Sentry  
  41  5:39  Probe x2  
  43  5:46  Shield Battery  
  43  5:50  Stalker, Shield Battery  
  43  5:51  Sentry  
  47  6:04  Templar Archives  
  47  6:14  Stalker  
  47  6:15  Stalker  
  51  6:22  Probe (Chrono Boost)  
  51  6:24  Probe (Chrono Boost)  
  53  6:26  Pylon  
  53  6:36  Stalker  
  53  6:38  Stalker  
  57  6:40  Stalker  
  59  6:56  Assimilator  
  59  6:58  Assimilator  
  59  7:01  Probe  
  59  7:02  Probe  
  59  7:03  Blink (Chrono Boost)  
  59  7:14  Probe x2  
  58  7:24  Zealot x2  
  58  7:30  Probe (Chrono Boost)  
  58  7:35  Probe (Chrono Boost)  
  60  7:47  Zealot  
  60  7:49  Gateway  
  60  7:51  Gateway  
  62  7:55  High Templar x2  
  66  8:00  Probe x2 (Chrono Boost)  
  66  8:02  Archon  
  64  8:22  Probe  
  64  8:23  Probe  
  65  8:37  High Templar x2  
  69  8:45  Pylon  
  69  8:46  Pylon  
  67  8:49  Pylon  
  64  9:00  Zealot  
  64  9:02  Archon  
  66  9:03  Probe (Chrono Boost)  
  66  9:09  Probe (Chrono Boost)  
  68  9:10  High Templar x2  
  68  9:14  Archon  
  72  9:17  Zealot  
  72  9:20  High Templar  
  76  9:24  High Templar  
  76  9:28  Archon  
  78  9:31  Charge (Chrono Boost)  
  78  9:40  Zealot  
  78  9:43  Zealot  
  82  9:53  Pylon  
  44  10:51  Stalker x2  
  44  10:52  Stalker x3  
  44  11:01  Probe (Chrono Boost)  
  46  11:06  Probe (Chrono Boost)  
  45  11:12  Probe (Chrono Boost)  
  45  11:16  High Templar x4  
  45  11:18  Stalker  
  53  11:21  Archon  
  53  11:22  Archon  
  53  11:24  Probe x2 (Chrono Boost)  
  56  11:34  Probe (Chrono Boost)  
  56  11:39  Forge  
  56  11:41  High Templar  
  58  11:48  High Templar  
  58  11:52  Archon  
  60  11:59  Probe x2 (Chrono Boost)  
  62  12:08  Probe x2 (Chrono Boost)  
  64  12:09  Protoss Ground Weapons Level 1 (Chrono Boost)  
  64  12:22  Nexus  
  64  12:26  High Templar  
  64  12:27  High Templar  
  68  12:31  Archon  
  68  12:42  Probe (Chrono Boost)  
  70  12:48  Probe (Chrono Boost)  
  70  12:52  Probe (Chrono Boost)  
  70  12:55  Adept x2  
  75  13:04  High Templar x2  
  75  13:05  Zealot  
  81  13:11  Gateway  
  81  13:13  Archon, Gateway  
  81  13:27  High Templar x2  
  83  13:30  Probe  
  83  13:31  Nexus  
  86  13:46  Pylon x2  
  87  13:48  Probe x2  
  87  13:49  Archon  
  87  13:51  High Templar x2  
  87  13:52  Zealot  
  94  13:59  Archon  
  94  14:00  Protoss Ground Weapons Level 2 (Chrono Boost)  
  94  14:02  Pylon  
  94  14:06  Robotics Facility  
  94  14:07  Probe x2  
  92  14:31  Shield Battery  
  92  14:33  Probe x2, Shield Battery  
  92  14:34  Shield Battery  
  92  14:38  Pylon  
  94  14:40  High Templar x2  
  94  14:42  Zealot  
  94  14:45  Archon  
  100  14:47  Probe (Chrono Boost)  
  103  14:53  Probe x2 (Chrono Boost)  
  103  14:57  Probe (Chrono Boost)  
  106  15:01  Probe x2 (Chrono Boost)  
  106  15:02  Probe (Chrono Boost)  
  106  15:03  Photon Cannon  
  106  15:05  High Templar x2  
  111  15:09  Archon  
  111  15:17  Assimilator  
  111  15:19  Assimilator  
  111  15:20  Pylon  
  111  15:27  Warp Prism (Chrono Boost)  
  113  15:35  Zealot  
  113  15:36  Zealot x2  
  108  15:50  Probe x3  
  111  15:59  Photon Cannon  
  111  16:02  High Templar x2, Photon Cannon  
  115  16:07  Archon  
  115  16:09  Zealot x3  
  115  16:10  Zealot  
  123  16:12  Stalker  
  123  16:16  Protoss Ground Weapons Level 3 (Chrono Boost)  
  125  16:39  Zealot x4  
  133  16:40  Zealot  
  133  16:42  High Templar, Pylon  
  133  16:44  High Templar, Pylon  
  139  16:48  Archon  
  139  16:56  Immortal (Chrono Boost)  
  139  17:08  Probe (Chrono Boost)  
  142  17:12  Zealot  
  142  17:13  Probe x2 (Chrono Boost), Zealot x2  
  148  17:20  High Templar  
  148  17:21  High Templar  
  152  17:24  Archon  
  147  17:47  Photon Cannon  
  147  17:55  Stalker x5  
  147  17:56  Stalker  
  155  18:12  Probe x2  
  157  18:14  Pylon  
  157  18:23  Nexus  
  157  18:25  High Templar, Pylon  
  157  18:26  High Templar  
  161  18:27  Zealot x4  
  161  18:29  Archon  
  169  18:36  Pylon  
  169  18:45  High Templar  
  169  18:47  Photon Cannon  
  169  18:48  High Templar, Pylon  
  173  19:12  Zealot x5  
  183  19:17  Protoss Air Weapons Level 1 (Chrono Boost)  
  183  19:19  Probe x2  
  183  19:21  Photon Cannon  
  185  19:25  Photon Cannon  
  185  19:28  Photon Cannon  
  185  19:30  Pylon  
  185  19:31  Probe  
  185  19:32  Probe  
  185  19:33  Assimilator  
  185  19:35  High Templar  
  185  19:37  Assimilator  
  187  19:39  High Templar  
  187  19:43  Archon  
  189  19:59  Stalker x4  
  194  20:07  Probe (Chrono Boost)  
  194  20:08  Probe x2 (Chrono Boost)  
  194  20:11  Protoss Shields Level 1  
  194  20:13  Probe (Chrono Boost)  
  198  20:18  High Templar  
  200  20:30  Stargate  
  124  21:07  Zealot x5  
  124  21:08  Zealot x2  
  74  21:28  Stalker x3  
  74  21:29  Stalker x4  
  80  21:38  Immortal (Chrono Boost)  
  68  21:40  Probe x3  
  75  21:50  Fleet Beacon  
  75  21:55  High Templar x4  
  75  21:56  Zealot  
  75  21:59  Archon x2  
  87  22:01  Probe x2 (Chrono Boost)  
  87  22:02  Probe (Chrono Boost)  
  88  22:12  Probe (Chrono Boost)  
  88  22:13  Probe x2 (Chrono Boost)  
  77  22:23  Zealot x3  
  71  22:32  Zealot x3  
Tags
 
Add a new tag
Caveats
  • Supply blocks, unpowered buildings, or Contaminate may cause inaccurate times.
  • Supply counts are checked every 10 seconds.